 Dungeon Crawl Stone Soup version 0.30-a0-743-gbfdf073431 (webtiles) character file.

Game seed: 18206502826977842887

2240 cheesebisquit the Geomancer (level 9, -3/45 HPs)
             Began as a Gargoyle Earth Elementalist on Feb 7, 2023.
             Was an Initiate of Vehumet.
             Killed by divine providence
             ... invoked by an orc priest
              (11 damage)
             ... on level 8 of the Dungeon.
             The game lasted 00:17:08 (6382 turns).

cheesebisquit the Geomancer (GrEE)                  Turns: 6382, Time: 00:17:08

Health: -3/45      AC: 15    Str: 12    XL:     9   Next: 36%
Magic:  16/21      EV: 11    Int: 26    God:    Vehumet [......]
Gold:   467        SH:  0    Dex: 10    Spells: 20/24 levels left

rFire   + . .      SeeInvis .    p - +4 quarterstaff (chaos)
rCold   + . .      Faith    .    (shield currently unavailable)
rNeg    + . .      Spirit   .    k - +1 leather armour {rC+}
rPois   ∞          Reflect  .    (no helmet)
rElec   +          Harm     .    q - +1 cloak {rPois}
rCorr   .          Rampage  .    v - +0 pair of gloves of Gestures {rElec rF+}
Will    .....                    C - +1 pair of boots
Stlth   ++                       (no amulet)
HPRegen 0.27/turn                A - ring of wizardry
MPRegen 0.17/turn                y - +6 ring of intelligence

@: no status effects
A: sickness immunity, AC +6, negative energy resistance 1, electricity
resistance, torment resistance 1, petrification resistance
a: Renounce Religion


You were on level 8 of the Dungeon.
You worshipped Vehumet.
Vehumet was noncommittal.
You visited 2 branches of the dungeon, and saw 9 of its levels.

You collected 467 gold pieces.

Inventory:

Hand Weapons
 d - a +0 club
 p - a +4 quarterstaff of chaos (weapon)
Missiles
 o - 10 poisoned darts
Armour
 a - a +0 robe
 k - a +1 leather armour of cold resistance (worn)
 l - a +0 chain mail of poison resistance
 q - a +1 cloak of poison resistance (worn)
 v - the +0 pair of gloves of Gestures (worn) {rElec rF+}
   (You found it on level 4 of the Dungeon)

   rF:        It protects you from fire.
   rElec:     It insulates you from electricity.
 w - a +0 chain mail of willpower
 C - a +1 pair of boots (worn)
 I - a +0 buckler
Jewellery
 e - a ring of protection from fire
 y - a +6 ring of intelligence (right hand)
 A - a ring of wizardry (left hand)
 F - a ring of willpower
 G - the ring "Ennassas" {rC++ Int+4 Dex+2 Slay+4}
   (You found it on level 6 of the Dungeon)

   [ring of slaying]

   Int:       It affects your intelligence (+4).
   Dex:       It affects your dexterity (+2).
   Slay:      It affects your accuracy & damage with ranged weapons and melee
   (+4).
   rC:        It greatly protects you from cold.
 M - a ring of wizardry
Scrolls
 h - a scroll of fear
 j - a scroll of enchant armour
 m - a scroll of butterflies {unknown}
 r - a scroll of poison
 s - a scroll of magic mapping
 u - 6 scrolls of teleportation
 x - a scroll of amnesia
 z - a scroll of enchant weapon {unknown}
 E - a scroll of vulnerability {unknown}
 H - a scroll of torment {unknown}
 J - 2 scrolls of acquirement {unknown}
Potions
 b - 2 potions of haste
 c - a potion of cancellation
 f - 2 potions of heal wounds
 g - a potion of degeneration {unknown}
 i - 2 potions of resistance
 n - 3 potions of curing
 t - a potion of flight
 B - a potion of berserk rage {unknown}
 D - a potion of ambrosia {unknown}
 K - a potion of mutation {unknown}
 L - a potion of lignification {unknown}


   Skills:
 - Level 1.5 Dodging
 - Level 2.1 Stealth
 + Level 8.1 Spellcasting
 - Level 0.7 Transmutations
 + Level 10.9 Earth Magic


You had 20 spell levels left.
You knew the following spells:

 Your Spells              Type           Power      Damage    Failure   Level
a - Sandblast             Erth           100%       2d20      1%          1
b - Stone Arrow           Conj/Erth      78%        3d11      1%          3

Your spell library contained the following spells:

 Spells                   Type           Power      Damage    Failure   Level
 Passwall                 Tmut/Erth      33%        N/A       1%          2
 Necrotise                Necr           40%        1d6       2%          1
 Petrify                  Tmut/Erth      40%        N/A       2%          4
 Vampiric Draining        Necr           10%        2d6       9%          3
 Summon Ice Beast         Ice/Summ       10%        N/A       26%         4
 Agony                    Necr           10%        N/A       58%         5
 Summon Mana Viper        Hex/Summ       10%        N/A       58%         5
 Monstrous Menagerie      Summ           5%         N/A       100%        7


Dungeon Overview and Level Annotations

Branches:
Dungeon (8/15)             Temple (1/1) D:7            Lair (0/5) D:8

Altars:
Ashenzari
Cheibriados
Dithmenos
Fedhas
Gozag
Kikubaaqudgha
Makhleb
Nemelex Xobeh
Okawaru
Ru
Sif Muna
Trog
Uskayaw
Vehumet
Wu Jian
Xom
Yredelemnul
Zin


Innate Abilities, Weirdness & Mutations

You are immune to sickness and miasma.
Your stone body is resilient. (AC +6)
You are immune to poison.
You resist negative energy. (rN+)
You are resistant to electric shocks. (rElec)
You are resistant to unholy torment.
You are immune to petrification.


Message History

The warg closely misses you.
The orc wizard gestures wildly while chanting.
The orc wizard flickers and vanishes!
Deactivating autopickup; reactivate with Ctrl-A.
The warg bites you but does no damage. The warg attacks as you move away!
The warg bites you but does no damage.
The blast of sand hits the warg!
The warg is heavily wounded.
The warg bites you but does no damage.
The orc warrior hits you from afar with a +0 glaive.
The orc hits you from afar with a +0 trident.
The orc warrior misses you.
The blast of sand hits the warg!!
You kill the warg!
Vehumet accepts your kill. The warg bites you but does no damage.
The orc barely misses you.
The orc warrior hits you but does no damage.
The warg barely misses you.
The blast of sand hits the warg!
The warg is heavily wounded.
The warg closely misses you. The orc hits you but does no damage.
The orc warrior hits you from afar with a +0 glaive.
The warg bites you. The orc barely misses you.
The orc warrior closely misses you.
The blast of sand misses the warg.
The blast of sand hits something!!
Vehumet accepts your kill.
Reactivating autopickup.
You feel a bit more experienced. The warg bites you.
The orc warrior completely misses you. The orc hits you but does no damage.
The warg bites you but does no damage.
The blast of sand hits the warg!
The warg is almost dead.
The warg bites you.
The orc warrior hits you from afar with a +0 glaive!
* * * LOW HITPOINT WARNING * * *
The orc hits you but does no damage. The warg bites you.
* * * LOW HITPOINT WARNING * * *
The orc priest mumbles some strange prayers to Beogh against you.
Beogh smites you!
You die...

,,,,,,,,#.......#***,**,,,*,,,,,,
,,,,,***#.#####<####.#.#,,,,*,,,,
***,,,***,* #.......#*,#*,**,*,
*,*,,,,,* #.#####.##.#*,,,,,,
*,,,***,* #.# *##....,*****,
***** #.#####.##*#......,,,***,
#........##.......,,,,*,,
########.#o.......,,,,,,,
#@hoo....>.,,,,,,*
###o.......,,,,,**
##...P...,,,,*** *#.$....,,,**,,
*##....,****,, *****...#**,,,,,
*,,>,,.## *,,,,, *,***,,# *,,,,,
*,***,,* *****,


You could see a warg, an orc warrior, an orc priest and 2 orcs.

Vanquished Creatures
  A hornet (D:7)
  A warg (D:8)
  A water moccasin (D:6)
  A black bear (D:6)
  A sky beast (D:7)
  A centaur (D:6)
  2 phantoms
  A necrophage (D:4)
  A bullfrog (D:7)
  3 scorpions
  7 wights (D:7)
  6 hounds
  4 orc priests
  Crazy Yiuf (D:2)
  4 iguanas
  6 orc wizards
  A gnoll (D:1)
  5 adders
  3 white imps
  2 ufetubi (D:5)
  2 dart slugs
  11 orcs
  3 endoplasms (D:1)
  5 giant cockroaches
  7 goblins
  11 hobgoblins
  8 jackals (D:1)
  6 kobolds
  3 quokkas
  6 ball pythons
  3 bats
  A frilled lizard (D:2)
  2 rats
120 creatures vanquished.

Notes
Turn   | Place    | Note
-------+----------+-------------------------------------------
     0 | D:1      | cheesebisquit the Gargoyle Earth Elementalist began the
                  | quest for the Orb.
     0 | D:1      | Reached XP level 1. HP: 10/10 MP: 3/3
    87 | D:1      | Reached XP level 2. HP: 2/15 MP: 0/5
   159 | D:1      | Reached skill level 4 in Earth Magic
   359 | D:1      | Reached XP level 3. HP: 19/19 MP: 2/7
   595 | D:1      | Found a faded altar of an unknown god.
  1163 | D:2      | Found a runed translucent door.
  1164 | D:2      | Noticed Crazy Yiuf
  1319 | D:2      | Found an ancient bone altar of Kikubaaqudgha.
  1892 | D:2      | Killed Crazy Yiuf
  1893 | D:2      | Reached skill level 5 in Earth Magic
  1893 | D:2      | Reached XP level 4. HP: 16/24 MP: 4/8
  2242 | D:3      | Found a burning altar of Makhleb.
  2493 | D:3      | Reached XP level 5. HP: 28/28 MP: 5/10
  3045 | D:3      | Found an ancient bone altar of Kikubaaqudgha.
  3124 | D:4      | Noticed a phantom
  3133 | D:4      | Killed a phantom
  3134 | D:4      | Reached skill level 6 in Earth Magic
  3203 | D:4      | Reached XP level 6. HP: 32/32 MP: 7/12
  3460 | D:4      | Identified the +6 long sword of the Little People {elec,
                  | *Noise rF- rCorr Dex+9}
  3623 | D:4      | Identified the +0 pair of gloves of Gestures {rElec rF+}
  3667 | D:4      | Found a blossoming altar of Fedhas.
  3799 | D:4      | Learned a level 3 spell: Stone Arrow
  3809 | D:5      | Entered Level 5 of the Dungeon
  3809 | D:5      | Found a shimmering altar of Xom.
  4140 | D:5      | Reached skill level 7 in Earth Magic
  4140 | D:5      | Reached XP level 7. HP: 36/36 MP: 11/14
  4143 | D:5      | Reached skill level 5 in Spellcasting
  4449 | D:5      | Found a sacrificial altar of Ru.
  4563 | D:6      | Found a basalt altar of Yredelemnul.
  4565 | D:6      | Found a shadowy altar of Dithmenos.
  4643 | D:6      | Reached skill level 8 in Earth Magic
  4716 | D:6      | Identified the ring "Ennassas" {rC++ Int+4 Dex+2 Slay+4}
  4727 | D:6      | Reached XP level 8. HP: 41/41 MP: 12/17
  5283 | D:7      | Reached skill level 9 in Earth Magic
  5372 | D:7      | Noticed a hornet
  5381 | D:7      | Killed a hornet
  5426 | D:7      | Reached skill level 10 in Earth Magic
  5506 | D:7      | Found a staircase to the Ecumenical Temple.
  5554 | D:7      | Reached XP level 9. HP: 45/45 MP: 16/20
  5588 | D:7      | Found an opulent altar of Gozag.
  5923 | D:7      | Found a shimmering blue altar of Sif Muna.
  6136 | Temple   | Entered the Ecumenical Temple
  6304 | Temple   | Became a worshipper of Vehumet
  6373 | D:8      | Found a staircase to the Lair.
  6382 | D:8      | Killed from afar by an orc priest

Illustrated notes

Levels and vault maps discovered:
D:1:      dpeg_arrival_prison, layout_rooms,
          shapermc_ecumenical_altar_mp_urbaneastern
D:2:      layout_basic, basic_altar, uniq_crazy_yiuf_cottage
D:3:      wander_river, layout_basic, mainiacjoe_overflow_concentric_impassable,
          mainiacjoe_overflow_small_starburst
D:4:      layout_rooms, fedhas_altar_4, chequers_mini_garden
D:5:      layout_cave_pools, nicolae_ru_the_path_less_chosen,
          mainiacjoe_overflow_tiny_flanked, kennysheep_diamond,
          palyth_stone_intersect
D:6:      layout_loops_ring, grunt_temple_overflow_open, minmay_liquid_box,
          minmay_quadrilaterals
D:7:      layout_cave_pools, mainiacjoe_overflow_cross_hatched, led_sif_pool,
          lemuel_temple_firewalk_b
D:8:      layout_loops_cross, lemuel_round_altar, erik_lair_orcish_takeover,
          enter_bailey_2
Temple:   hellmonk_temple_forest_ring

Skill      XL: |  1  2  3  4  5  6  7  8  9 |
---------------+----------------------------+-----
Earth Magic    | 4 5 6 7 8 10 | 10.9
Spellcasting   | 3 4 6 7 8 |  8.1
Dodging        | |  1.5
Stealth        | |  2.1
Transmutations | |  0.7

Action                     |  1- 3 |  4- 6 |  7- 9 || total
---------------------------+-------+-------+-------++-------
  Melee: Unarmed           |    17 |       |       ||    17
         Club              |     3 |       |       ||     3
         Quarterstaff      |       |     3 |       ||     3
   Cast: Sandblast         |    49 |    73 |    90 ||   212
    Use: Potion            |     1 |       |       ||     1
         Scroll            |       |       |    12 ||    12
 Armour: Robe              |     9 |       |       ||     9
         Chain mail        |    14 |       |       ||    14
         Leather armour    |       |    14 |    34 ||    48
  Dodge: Dodged            |    32 |    19 |    31 ||    82

Table legend: (Time is in decaauts)
 A = Elapsed time spent in this place.
 B = Non-inter-level travel time spent in this place.
 C = Inter-level travel time spent in this place.
 D = Time resting spent in this place.
 E = Time spent auto-exploring this place.
 F = Levels seen in this place.
 G = Mean time per level.
                   A        B        C        D        E       F      G
               +--------+--------+--------+--------+--------+-----+--------+
         Total |   6497 |   6249 |    248 |     46 |   5352 |   9 |  721.9 |
       Dungeon |   6321 |   6100 |    221 |     46 |   5214 |   8 |  790.1 |
        Temple |    175 |    148 |     27 |      0 |    138 |   1 |  175.0 |
               +--------+--------+--------+--------+--------+-----+--------+

Top non-repeatable levels by time:
     D:3: 1133 daAuts
     D:1: 1102 daAuts
     D:7: 933 daAuts
     D:2: 925 daAuts
     D:6: 788 daAuts
     D:4: 712 daAuts
     D:5: 693 daAuts
  Temple: 175 daAuts
     D:8: 33 daAuts
